 Dungeon Crawl Stone Soup version 0.21.1-1-g345015f (webtiles) character file.

207 Fang the Chopper (level 5, -6/34 HPs)
             Began as a Gargoyle Berserker on Apr 27, 2018.
             Was a Priest of Trog.
             Mangled by Crazy Yiuf
             ... wielding a +3 quarterstaff of chaos
              (8 damage)
             ... on level 2 of the Dungeon.
             The game lasted 00:03:22 (2134 turns).

Fang the Chopper (Gargoyle Berserker)               Turns: 2134, Time: 00:03:22

Health: -6/34      AC:  6    Str: 21    XL:     5   Next: 85%
Magic:  5/5        EV: 12    Int:  8    God:    Trog [***...]
Gold:   122        SH:  0    Dex:  9    Spells: 4/4 levels left

rFire    . . .     SeeInvis .   e - +0 mace (crush)
rCold    . . .     Gourm    .   (no shield)
rNeg     + . .     Faith    .   b - +0 animal skin
rPois    ∞         Spirit   .   (no helmet)
rElec    +         Reflect  .   (no cloak)
rCorr    .         Harm     .   (no gloves)
MR       .....     Rnd*Tele +   (no boots)
Stlth    +.........             (no amulet)
HPRegen  0.11/turn              j - ring of teleportation (curse)
MPRegen  0.09/turn              (no ring)

@: berserk cooldown, very slightly contaminated, slowed, invisible, very slow
A: negative energy resistance 1, electricity resistance, unbreathing,
petrification resistance, rot immunity, AC +4
a: Berserk, Trog's Hand, Burn Spellbooks, Renounce Religion


You were on level 2 of the Dungeon.
You worshipped Trog.
Trog was most pleased with you.
You were hungry.

You visited 1 branch of the dungeon, and saw 2 of its levels.

You collected 122 gold pieces.

Inventory:

Hand Weapons
 a - a +0 hand axe
 e - a +0 mace of crushing (weapon)
Armour
 b - a +0 animal skin (worn)
Jewellery
 j - a cursed ring of teleportation (left hand)
Wands
 k - a wand of polymorph (11)
 l - a wand of digging (9)
Scrolls
 d - 2 scrolls of teleportation
 h - 2 scrolls of identify
Potions
 g - a potion of agility
 i - a potion of lignification
Comestibles
 c - 6 rations


   Skills:
 + Level 4.4 Fighting
 + Level 4.5 Axes
 + Level 0.1(3.0) Maces & Flails
 + Level 2.3 Armour
 + Level 2.5 Dodging
 + Level 0.5 Stealth


You had 4 spell levels left.
You didn't know any spells.

Dungeon Overview and Level Annotations

Branches:
Dungeon (2/15)

Altars:

Annotations:
D:2 Crazy Yiuf


Innate Abilities, Weirdness & Mutations

You are resistant to torment.
Your stone body is resilient. (AC +4)
You are immune to poison.
You resist negative energy. (rN+)
You are resistant to electric shocks. (rElec)
You can survive without breathing.
You are immune to petrification.
You are immune to rotting.


Message History

* * * LOW HITPOINT WARNING * * *
Crazy Yiuf burns you.
* * * LOW HITPOINT WARNING * * *
Crazy Yiuf barely misses you.
You hit Crazy Yiuf but do no damage.
Crazy Yiuf is moderately wounded.
Crazy Yiuf misses you.
You catch the helpless Crazy Yiuf completely off-guard!
You hit Crazy Yiuf but do no damage.
Crazy Yiuf is moderately wounded.
Crazy Yiuf hits you with a quarterstaff of chaos.
* * * LOW HITPOINT WARNING * * *
Crazy Yiuf misses you.
Unknown command.
Unknown command.
You hit Crazy Yiuf.
Crazy Yiuf is heavily wounded.
Crazy Yiuf barely misses you.
Crazy Yiuf hits you with a quarterstaff of chaos!
You die...

###..........##....# #.#
.####........##....###.#
.............##.##.....#
#..........#############
##..##.....# ........<..#
.#...#.....# ##### ♣♣####
.....#...(.# #)..#♣♣ ♣♣..+.##
#((........# #.g@'.♣♣♣♣.....[#
#.###..###.# #...#♣..♣.......#
#.# ##.# #.# #####♣♣♣.♣...+..#
..# #.###.# ♣♣♣♣♣##..# )##
#..##.# #.## .# ##.##.####
#########.####
.######.###...#####............#
..>.................).<........#
#######.........###......[.....#


You could see Crazy Yiuf.

Vanquished Creatures
  Terence (D:2)
  Natasha (thrice) (D:2)
  Robin (D:2)
  2 adders (D:2)
  An ooze (D:1)
  A worm (D:2)
  A dart slug (D:1)
  3 leopard geckos
  4 bats
  2 giant cockroaches (D:2)
  13 hobgoblins
  4 jackals (D:2)
  4 kobolds
  3 quokkas (D:2)
  2 frilled lizards
  13 goblins
  5 rats
63 creatures vanquished.

Notes
Turn   | Place    | Note
-------+----------+-------------------------------------------
     0 | D:1      | Fang the Gargoyle Berserker began the quest for the Orb.
     0 | D:1      | Reached XP level 1. HP: 14/14 MP: 1/1
   320 | D:1      | Reached XP level 2. HP: 17/19 MP: 2/2
   557 | D:1      | Reached XP level 3. HP: 21/24 MP: 3/3
   954 | D:2      | Reached ** piety under Trog
   972 | D:2      | Noticed Robin
   987 | D:2      | Killed Robin
   987 | D:2      | Reached XP level 4. HP: 29/29 MP: 4/4
  1285 | D:2      | Noticed Terence
  1291 | D:2      | Killed Terence
  1308 | D:2      | Reached XP level 5. HP: 32/33 MP: 5/5
  1478 | D:2      | Noticed Natasha
  1484 | D:2      | Killed Natasha
  1780 | D:2      | Noticed Natasha
  1789 | D:2      | Killed Natasha
  1789 | D:2      | Reached *** piety under Trog
  1966 | D:2      | Noticed Natasha
  1981 | D:2      | Killed Natasha
  2116 | D:2      | Found a runed door.
  2121 | D:2      | Noticed Crazy Yiuf
  2133 | D:2      | HP: 1/34 [Crazy Yiuf/quarterstaff of chaos (3)]
  2134 | D:2      | Mangled by Crazy Yiuf

Skill      XL: |  1  2  3  4 |
---------------+-------------+-----
Axes           | 3 4 |  4.5
Fighting       | 4 |  4.4
Dodging        | 2 |  2.5
Maces & Flails | |  0.1
Armour         | |  2.3
Stealth        | |  0.5

Action                   |  1- 3 |  4- 6 || total
-------------------------+-------+-------++-------
Melee: Hand axe          |    95 |    74 ||   169
       Mace              |       |    55 ||    55
Invok: Berserk           |     1 |     3 ||     4
  Use: Scroll            |       |     7 ||     7
       Potion            |       |     2 ||     2
 Stab: Invisible         |       |     1 ||     1
  Eat: Chunk             |       |     7 ||     7
Armor: Animal skin       |    36 |    77 ||   113
Dodge: Dodged            |    78 |   165 ||   243
